AoeStats
← Hamstring Cramp

Arabia

510473335Analyzed
4v4 RM · 2d ago on Oct 1, 2026· 40m 14s· 8 players
Game mode
Random Map
Map size
Large (8 player)
Population
200
Speed
Normal
Resources
Standard
Victory
Conquest
Starting age
Dark Age
Ending age
Imperial Age
RankedLock teamsTeams togetherTeam positionsShared explorationLock speedFull tech treeHidden civsTurbo modeCheats
Victory
Defeat
🇨🇴 Saracens · Colombia
1385
+13
🇦🇷 Ethiopians · Argentina
1346
+14
🇺🇸 Saracens · United States
1320
+15
🇲🇽 Muisca · Mexico
1276
+17
🇻🇳 Franks · Vietnam
1341
-16
🇨🇳 Hindustanis · China
1321
-15
🇨🇳 Varangians · China
1319
-15
🇹🇼 Ethiopians · Taiwan
1261
-13
张世豪
7:12 Loom
9:11 Feudal Age
11:17 Double-Bit Axe
11:46 Forging
11:43 Scale Barding Armor
15:31 Horse Collar
18:19 Bloodlines
21:35 Castle Age
20:57 Gold Mining
22:59 Iron Casting
24:08 Chain Barding Armor
24:32 Wheelbarrow
24:09 Bow Saw
26:31 Husbandry
28:03 Hand Cart
30:26 Heavy Plow
32:39 Stone Mining
杨吉光
5:49 Loom
5:55 Loom
8:59 Feudal Age
17:20 Bloodlines
23:05 Castle Age
21:09 Gold Mining
22:12 Forging
24:59 Scale Mail Armor
34:09 Scale Barding Armor
KAWAE
7:03 Loom
9:32 Feudal Age
10:14 Double-Bit Axe
15:34 Fletching
18:32 Wheelbarrow
24:16 Castle Age
22:14 Gold Mining
22:41 Horse Collar
24:41 Padded Archer Armor
25:18 Bow Saw
24:30 Crossbowman
25:09 Bodkin Arrow
27:16 Leather Archer Armor
28:50 Thumb Ring
33:28 Heavy Plow
33:48 Hand Cart
34:12 Ballistics
37:11 Imperial Age
VN_BILL
5:54 Loom
9:03 Feudal Age
10:07 Double-Bit Axe
15:29 Forging
16:11 Scale Barding Armor
22:58 Castle Age
21:18 Gold Mining
23:56 Bow Saw
24:23 Iron Casting
24:08 Chain Barding Armor
24:34 Husbandry
30:49 Wheelbarrow
33:14 Hand Cart
38:49 Imperial Age
37:05 Fletching
37:15 Padded Archer Armor
39:04 Cavalier
40:38 Plate Barding Armor
41:04 Blast Furnace
40:14 Bodkin Arrow
40:35 Leather Archer Armor
Hamstring Cramp
7:11 Loom
9:25 Feudal Age
9:56 Double-Bit Axe
11:26 Horse Collar
12:32 Scale Barding Armor
13:58 Forging
21:39 Castle Age
19:53 Gold Mining
20:38 Bloodlines
22:29 Wheelbarrow
24:40 Chain Barding Armor
24:44 Husbandry
28:00 Iron Casting
32:42 Town Watch
33:13 Hand Cart
35:31 Fletching
42:19 Imperial Age
Ratchet2krox
2:44 Loom
8:49 Feudal Age
8:58 Champi Runner
15:44 Forging
16:11 Scale Mail Armor
28:27 Castle Age
29:53 Iron Casting
29:23 Champi Warrior
30:29 Chain Mail Armor
DanielP1lot
7:24 Loom
9:38 Feudal Age
10:30 Double-Bit Axe
11:27 Town Watch
12:15 Horse Collar
12:25 Double-Bit Axe
21:13 Castle Age
20:21 Forging
20:17 Scale Barding Armor
24:57 Iron Casting
26:26 Chain Barding Armor
31:12 Bloodlines
31:03 Husbandry
31:35 Ballistics
40:35 Imperial Age
38:43 Wheelbarrow
38:19 Bow Saw
39:41 Thumb Ring
BocaJuniorsElMasGrande
2:34 Loom
3:21 Loom
3:52 Loom
4:48 Loom
9:25 Feudal Age
8:49 Loom
10:04 Town Watch
10:15 Double-Bit Axe
13:37 Fletching
15:51 Horse Collar
21:57 Scale Mail Armor
26:32 Castle Age
27:09 Bodkin Arrow
26:35 Crossbowman
27:21 Thumb Ring
27:26 Padded Archer Armor
28:53 Bow Saw
32:08 Ballistics
32:58 Forging
37:23 Chain Mail Armor
Connection lost

Rejoining the realm…

Still unreachable

The connection could not be restored.

Session expired

The server has moved on; the page needs a fresh start.